 Dungeon Crawl Stone Soup version 0.20-a0-493-g19c8d8d (webtiles) character file.

149 nono the Shield-Bearer (level 5, -1/35 HPs)
             Began as a Halfling Fighter on Jan 17, 2017.
             Slain by a hound (5 damage)
             ... on level 4 of the Dungeon.
             The game lasted 00:05:08 (3080 turns).

nono the Shield-Bearer (Halfling Fighter)           Turns: 3080, Time: 00:05:09

Health: -1/35      AC: 11    Str: 17    XL:     5   Next: 57%
Magic:  5/5        EV: 14    Int:  7    God:
Gold:   145        SH: 10    Dex: 19    Spells: 4/4 levels left

rFire    + . .     SeeInvis .   a - +0 long sword
rCold    + . .     Gourm    .   b - +0 scale mail
rNeg     . . .     Faith    .   c - +0 shield
rPois    +         Spirit   .   (no helmet)
rElec    +         Reflect  .   s - +0 cloak
rCorr    +         Harm     .   (no gloves)
MR       .....                  r - +2 pair of boots
Stlth    +.........             (no amulet)
Regen    0.2/turn               (no ring)
                                (no ring)

@: agile, resistant
A: mutation resistance 1
a: no special abilities


You were on level 4 of the Dungeon.
You were not hungry.

You visited 1 branch of the dungeon, and saw 4 of its levels.

You collected 145 gold pieces.

Inventory:

Hand Weapons
 a - a +0 long sword (weapon)
 y - a +0 hunting sling of velocity
Armour
 b - a +0 scale mail (worn)
 c - a +0 shield (worn)
 r - a +2 pair of boots (worn)
 s - a +0 cloak (worn)
 t - a +0 plate armour
Jewellery
 e - an uncursed ring of fire {unknown}
 A - an uncursed amulet of faith {unknown}
Scrolls
 g - 2 scrolls of amnesia {unknown}
 h - a scroll of fog {unknown}
 i - 4 scrolls of remove curse {unknown}
 k - 7 scrolls of identify {unknown}
 l - 3 scrolls of recharging {unknown}
 p - 2 scrolls of enchant armour {unknown}
 v - a scroll of magic mapping {unknown}
 x - a scroll of fear {unknown}
 B - a scroll of teleportation {unknown}
Potions
 d - a potion of might
 m - a potion of resistance
 n - a potion of agility
 o - a potion of flight {unknown}
 q - a potion of cancellation {unknown}
 u - a potion of ambrosia {unknown}
 w - 4 potions of curing {unknown}
Comestibles
 f - 3 bread rations
 j - a slice of pizza
 z - 2 meat rations


   Skills:
 - Level 2.6 Fighting
 + Level 3.0 Long Blades
 + Level 4.6 Armour
 + Level 4.8 Shields


You had 4 spell levels left.
You didn't know any spells.

Dungeon Overview and Level Annotations

Branches:
Dungeon (4/15)
 Temple: D:4-7

Altars:


Innate Abilities, Weirdness & Mutations

You are small and have problems with some larger weapons.
You are somewhat resistant to further mutation.


Message History

You block the hound's attack. The hound bites you but does no damage.
You closely miss the hound.
The hound is lightly wounded.
You block the hound's attack.
The hound stops to sniff the ground.
The hound bites you.
You slash the hound!
The hound is heavily wounded.
The hound bites you.
* * * LOW HITPOINT WARNING * * *
The hound bites you.
* * * LOW HITPOINT WARNING * * *
It was a potion of resistance.
You feel protected.
The hound bites you but does no damage. x2
It was a potion of agility.
You feel agile all of a sudden. The hound bites you.
You die...

.............................#
#.
...................###.......#
#. ###...........<....#
#.....#####.
...................#
#...........
..........#.##.....#
#...........
........#.#......###
#...........
........#.######S#
####........ ........#.# #h#
#........ ........#.# #@#
#........ ........#.# #.#
#........ ........#.######.#
######### ..######........#
##########


You could see a hound and an adder.

Vanquished Creatures
  Crazy Yiuf (D:2)
  A gnoll (D:4)
  4 adders
  An ooze (D:3)
  A dart slug (D:2)
  A leopard gecko (D:2)
  2 orcs
  4 giant cockroaches
  8 goblins
  8 hobgoblins
  9 jackals
  7 kobolds
  2 quokkas
  8 bats
  4 rats
61 creatures vanquished.

Notes
Turn   | Place    | Note
-------+----------+-------------------------------------------
     0 | D:1      | nono the Halfling Fighter began the quest for the Orb.
     0 | D:1      | Reached XP level 1. HP: 15/15 MP: 1/1
   223 | D:1      | Reached XP level 2. HP: 18/20 MP: 2/2
   839 | D:2      | Reached XP level 3. HP: 22/25 MP: 3/3
  1076 | D:2      | Found a faded altar of an unknown god.
  1244 | D:2      | Found a runed door.
  1248 | D:2      | Noticed Crazy Yiuf
  1265 | D:2      | Killed Crazy Yiuf
  1265 | D:2      | Reached XP level 4. HP: 8/30 MP: 4/4
  1765 | D:3      | Reached XP level 5. HP: 27/35 MP: 5/5
  3080 | D:4      | Slain by a hound

Vault maps used:
D:1:      saegor_arrival_simple_f, kennysheep_another_room, minmay_pentomino_u4
D:2:      chequers_ecumenical_altar_simple_redux, uniq_crazy_yiuf_cottage
D:3:      first_bread

Skill      XL: |  1  2  3  4  5 |
---------------+----------------+-----
Armour         | 4 |  4.6
Shields        | 4 |  4.8
Long Blades    | 3 |  3.0
Fighting       | |  2.6

Action                   |  1- 3 |  4- 6 || total
-------------------------+-------+-------++-------
Melee: Long sword        |   119 |   119 ||   238
  Use: Potion            |       |     2 ||     2
  Eat: Chunk             |     1 |     6 ||     7
Armor: Scale mail        |    56 |    64 ||   120
Dodge: Dodged            |    52 |    62 ||   114
Block: Shield            |    65 |    97 ||   162
       Rpst.: Long sword |    20 |    17 ||    37
